 Dungeon Crawl Stone Soup version 0.22-a0-779-g6f83d72c62 (webtiles) character file.

4670 Holzbalken the Spear-Bearer (level 10, 0/70 HPs)
             Began as a Merfolk Gladiator on July 19, 2018.
             Was a Believer of Ashenzari.
             Slain by a freezing wraith (17 damage)
             ... on level 9 of the Dungeon.
             The game lasted 00:40:45 (10227 turns).

Holzbalken the Spear-Bearer (Merfolk Gladiator)    Turns: 10227, Time: 00:40:46

Health: 0/70       AC: 13    Str: 15    XL:     10   Next: 44%
Magic:  10/10      EV: 14    Int: 13    God:    Ashenzari [**....]
Gold:   485        SH:  0    Dex: 22    Spells: 9/9 levels left

rFire    . . .     SeeInvis .   M - +0 glaive
rCold    . . .     Gourm    .   (shield currently unavailable)
rNeg     . . .     Faith    .   y - +1 chain mail "Hoimm" {Int+5} (curse)
rPois    .         Spirit   .   c - +0 helmet
rElec    .         Reflect  .   p - +0 cloak
rCorr    .         Harm     .   (no gloves)
MR       .....                  (no boots)
Stlth    ..........             (no amulet)
HPRegen  0.21/turn              K - +4 ring of dexterity
MPRegen  0.12/turn              H - +2 ring of protection

@: slowed, very slow
A: change form in water, swift swim, stealthy swim
a: Curse Item, Scrying, Renounce Religion


You were on level 9 of the Dungeon.
You worshipped Ashenzari.
Ashenzari was pleased with you.
You were not hungry.

You visited 2 branches of the dungeon, and saw 10 of its levels.
You also visited: Sewer and Ossuary.

You collected 485 gold pieces.

Inventory:

Hand Weapons
 a - a +0 trident
 E - a +1 vampiric glaive
 M - a +0 glaive (weapon)
Missiles
 d - 5 throwing nets (quivered)
Armour
 b - a +0 leather armour
 c - a +0 helmet (worn)
 l - a +0 chain mail
 p - a +0 cloak (worn)
 y - the cursed +1 chain mail "Hoimm" (worn) {Int+5}
   (You found it on level 4 of the Dungeon)

   It affects your intelligence (+5).
   It has a curse placed upon it.
Jewellery
 s - an uncursed ring of see invisible
 H - a +2 ring of protection (right hand)
 K - a +4 ring of dexterity (left hand)
Wands
 j - a wand of polymorph (21)
 o - a wand of flame (30)
 w - a wand of paralysis (11)
 L - a wand of iceblast (18)
 N - a wand of random effects (14)
Scrolls
 e - 4 scrolls of remove curse
 i - 3 scrolls of fear
 k - a scroll of enchant weapon {unknown}
 m - a scroll of random uselessness {unknown}
 t - a scroll of enchant armour {unknown}
 u - a scroll of blinking {unknown}
 x - 3 scrolls of immolation {unknown}
 z - 3 scrolls of identify
 B - 3 scrolls of amnesia {unknown}
 F - a scroll of brand weapon {unknown}
 G - 3 scrolls of teleportation
 J - a scroll of magic mapping
Potions
 g - 3 potions of lignification
 h - 3 potions of flight {unknown}
 n - a potion of cancellation
 q - 2 potions of curing
 r - 2 potions of mutation {unknown}
 v - 6 potions of might
 A - a potion of haste {unknown}
 C - 2 potions of brilliance {unknown}
 D - a potion of agility {unknown}
 I - a potion of degeneration {unknown}
Comestibles
 f - 12 rations
 O - 7 chunks of flesh


   Skills:
 + Level 3.5 Fighting
 * Level 14.9 Polearms
 - Level 2.0 Throwing
 + Level 13.4 Dodging


You had 9 spell levels left.
You didn't know any spells.
Your spell library contained the following spells:

 Spells                   Type           Power        Failure   Level  Hunger
 Cause Fear               Hex            #.........   100%        4    #####..
 Slow                     Hex            #.......     100%        2    ###....
 Corona                   Hex            #......      100%        1    ##.....
 Portal Projectile        Hex/Tloc       #.....       100%        3    ####...
 Leda's Liquefaction      Hex/Erth       #.........   100%        4    #####..
 Inner Flame              Hex/Fire       #.......     100%        3    ####...


Dungeon Overview and Level Annotations

Branches:
Dungeon (9/15)             Temple (1/1) D:4
   Lair: D:8-11         Orc: D:9-12

Altars:
Ashenzari
Cheibriados
Dithmenos
Elyvilon
Fedhas
Gozag
Hepliaklqana
Kikubaaqudgha
Makhleb
Nemelex Xobeh
Okawaru
Qazlal
Ru
Sif Muna
Trog
Uskayaw
Vehumet
Wu Jian
Xom
Yredelemnul
Zin
The Shining One
Beogh

Shops:
D:9 (

Annotations:
D:6 3 runed doors, strmdvr's ghost, novice GnFi


Message History

You are too injured to fight recklessly!
You are too injured to fight recklessly!
You hit the freezing wraith but do no damage.
The freezing wraith is heavily damaged.
The adder misses you. The freezing wraith barely misses you.
The freezing wraith hits you.
* * * LOW HITPOINT WARNING * * *
The freezing wraith drains your vigour!
You feel yourself slow down.
You barely miss the freezing wraith.
The freezing wraith is heavily damaged.
The adder closely misses you. x2
The freezing wraith hits you but does no damage.
The freezing wraith hits you.
* * * LOW HITPOINT WARNING * * *
The freezing wraith drains your vigour!
You feel as though you will be slow longer.
You feel better. The adder barely misses you. The freezing wraith hits you.
* * * LOW HITPOINT WARNING * * *
The freezing wraith freezes you!
You die...

* .......(..# *
.. * ..........#,
,,, , , ...'
.......)..# ,
...#########..(#
* .8..... , #...#
* , ......8 #...#
* ....... , #)..#
*
...(...#####...#
,
......W@.......#
8.....S#.......#
, *
.....8.#..(....#
* *
##+#...#..(######
* ,
,,#...#..(##...#
* , , ,
,#...#.(.#....#
#... ,
#...#..(#....#
#... +
,,#####...##...#
#... , ,
........##...#
#...


You could see a freezing wraith and an adder.

Vanquished Creatures
  A two-headed ogre (D:7)
  Maurice (D:8)
  2 hippogriffs
  3 orc warriors
  A sky beast (D:8)
  A black bear (D:7)
  A necrophage (D:9)
  4 ogres
  A phantom (D:9)
  7 centaurs
  Blork the orc (D:6)
  2 big kobolds (Sewer)
  3 bullfrogs
  2 elf zombies (Ossuary)
  A scorpion (D:5)
  2 crimson imps (D:6)
  3 centaur zombies
  A hound (D:8)
  A human zombie (Ossuary)
  A jelly (D:7)
  6 orc priests
  7 orc wizards
  A bullfrog skeleton (D:5)
  A centaur skeleton (D:6)
  Jessica (D:2)
  An iguana (D:5)
  2 worker ants
  A big kobold zombie (Ossuary)
  2 hound zombies (Ossuary)
  3 mummies (Ossuary)
  3 gnolls (D:4)
  8 adders
  3 river rats (D:6)
  A shadow imp (D:8)
  2 oozes
  An adder zombie (Ossuary)
  5 worms
  5 dart slugs
  4 leopard geckos
  34 orcs
  4 ball pythons
  10 bats
  6 giant cockroaches
  6 goblins
  7 hobgoblins
  9 jackals (D:4)
  2 quokkas
  9 frilled lizards
  7 goblin zombies (Ossuary)
  5 hobgoblin zombies (Ossuary)
  A jackal skeleton (D:8)
  4 jackal zombies (Ossuary)
  17 kobolds
  2 kobold zombies (Ossuary)
  A leopard gecko skeleton (D:8)
  4 orc zombies (Ossuary)
  A quokka skeleton (D:8)
  3 quokka zombies (Ossuary)
  11 rats
  2 rat zombies (Ossuary)
241 creatures vanquished.

Vanquished Creatures (others)
  A wizard (D:6)
1 creature vanquished.

Grand Total: 242 creatures vanquished

Notes
Turn   | Place    | Note
-------+----------+-------------------------------------------
     0 | D:1      | Holzbalken the Merfolk Gladiator began the quest for the Orb.
     0 | D:1      | Reached XP level 1. HP: 16/16 MP: 1/1
   196 | D:1      | Reached skill level 5 in Polearms
   196 | D:1      | Reached XP level 2. HP: 22/22 MP: 2/2
   874 | D:2      | Reached XP level 3. HP: 27/27 MP: 3/3
  1286 | D:2      | Reached skill level 6 in Polearms
  1307 | D:2      | Noticed Jessica
  1319 | D:2      | Killed Jessica
  1319 | D:2      | Reached XP level 4. HP: 29/33 MP: 4/4
  1347 | D:2      | Reached skill level 5 in Dodging
  1844 | D:3      | Reached skill level 7 in Polearms
  1844 | D:3      | Reached XP level 5. HP: 35/38 MP: 5/5
  2021 | D:3      | Found a faded altar of an unknown god.
  2286 | D:3      | Reached skill level 8 in Polearms
  2369 | D:3      | Found a snail-covered altar of Cheibriados.
  2374 | D:3      | Reached XP level 6. HP: 44/44 MP: 6/6
  2806 | D:4      | Reached skill level 9 in Polearms
  3016 | D:4      | Found a staircase to the Ecumenical Temple.
  3024 | Temple   | Entered the Ecumenical Temple
  3135 | Temple   | Became a worshipper of Ashenzari the Shackled
  3747 | D:4      | Got the cursed chain mail "Hoimm" {Int+5}
  3758 | D:4      | Identified the cursed +1 chain mail "Hoimm" {Int+5} (You found it on level 4 of the Dungeon)
  3846 | D:4      | Reached XP level 7. HP: 50/50 MP: 7/7
  4091 | D:5      | Entered Level 5 of the Dungeon
  4289 | D:5      | Reached skill level 10 in Polearms
  4842 | D:6      | Found a glowing drain.
  4860 | Sewer    | Entered a sewer
  5098 | Sewer    | Reached * piety under Ashenzari
  5148 | Sewer    | Reached XP level 8. HP: 55/56 MP: 8/8
  5253 | Sewer    | Reached skill level 11 in Polearms
  5520 | D:6      | Noticed Blork the orc
  5533 | D:6      | Killed Blork the orc
  5581 | D:6      | Found a bloodstained altar of Trog.
  5582 | D:6      | Noticed a wizard
  5686 | D:6      | Killed a wizard
  5842 | D:6      | Found a runed gate.
  5842 | D:6      | Found a runed gate.
  5842 | D:6      | Found a runed gate.
  5843 | D:6      | Noticed strmdvr's ghost (novice GnFi)
  5843 | D:6      | Found a roughly hewn altar of Beogh.
  5936 | D:6      | Reached skill level 12 in Polearms
  5988 | D:7      | Found a hide-covered altar of Uskayaw.
  5999 | D:7      | Found a sand-covered staircase.
  6008 | Ossuary  | Entered an ossuary
  6497 | Ossuary  | Reached skill level 13 in Polearms
  6598 | D:7      | Reached XP level 9. HP: 50/61 MP: 9/9
  7523 | D:8      | Reached ** piety under Ashenzari
  7675 | D:8      | Noticed Maurice
  7717 | D:8      | Killed Maurice
  7717 | D:8      | Reached skill level 14 in Polearms
  7717 | D:8      | Reached skill level 10 in Dodging
  7806 | D:8      | Noticed a two-headed ogre
  7862 | D:7      | Killed a two-headed ogre
  8181 | D:8      | Reached XP level 10. HP: 54/67 MP: 10/10
 10094 | D:9      | Found Sacwiaxuu's Weapon Shoppe.
 10227 | D:9      | Slain by a freezing wraith

Vault maps used:
D:1:      minmay_arrival_nine_rooms
D:2:      minmay_close_crescents, uniq_jessica
D:3:      chequers_ecumenical_altar_lobes, cheibriados_altar_1
D:4:      minmay_temple_entry_glassed_door, first_ration
D:5:      lemuel_old_faithful
D:6:      biasface_ghost_orc_armoury, lightli_sewer_entry_pipes, trog_wizard,
          uniq_blork_the_orc
D:7:      kennysheep_mini, nicolae_ossuary_entry_ruins
D:8:      uniq_maurice
D:9:      kennysheep_blocky_room, serial_shops, shop_fountains
Temple:   kilobyte_greek_temple
Sewer:    kennysheep_pipe_town
Ossuary:  minmay_ossuary_two_tombs

Skill      XL: |  1  2  3  4  5  6  7  8  9 10 |
---------------+-------------------------------+-----
Polearms       | 5 6 7 8 9 10 13 14 | 14.9
Dodging        | 5 6 7 9 12 13 | 13.4
Fighting       | 3 |  3.5
Throwing       | |  2.0

Action                   |  1- 3 |  4- 6 |  7- 9 | 10-12 || total
-------------------------+-------+-------+-------+-------++-------
Melee: Trident           |    83 |   219 |   646 |   120 ||  1068
       Tailslap          |       |       |    13 |       ||    13
       Glaive            |       |       |       |   110 ||   110
  Use: Scroll            |       |     8 |       |       ||     8
       Potion            |       |       |     4 |     5 ||     9
 Stab: Sleeping          |     2 |       |       |       ||     2
       Distracted        |       |     2 |       |       ||     2
  Eat: Chunk             |     1 |     8 |    11 |     7 ||    27
       Ration            |       |       |     1 |       ||     1
Armor: Leather armour    |    14 |    41 |       |       ||    55
       Chain mail        |       |     3 |   208 |    79 ||   290
Dodge: Dodged            |    31 |   135 |   237 |   140 ||   543

Table legend:
 A = Spawn XP
 B = Non-spawn XP
 C = Spawn XP percentage of total XP
 D = Spawn monster count
 E = Non-spawn monster count
 F = Spawn count percentage of total count
 G = Total turns spent on level
                    A         B        C        D         E        F      G
               +---------+---------+-------+---------+---------+-------+---------
         Total |       0 |    6672 |   0.0 |       0 |     241 |   0.0 | 10227
               +---------+---------+-------+---------+---------+-------+---------
           D:1 |       0 |      32 |   0.0 |       0 |      16 |   0.0 |   868
           D:2 |       0 |      78 |   0.0 |       0 |      17 |   0.0 |   798
           D:3 |       0 |     231 |   0.0 |       0 |      36 |   0.0 |   965
           D:4 |       0 |     293 |   0.0 |       0 |      22 |   0.0 |  1234
           D:5 |       0 |     270 |   0.0 |       0 |       6 |   0.0 |   478
           D:6 |       0 |     708 |   0.0 |       0 |      24 |   0.0 |   960
           D:7 |       0 |    1474 |   0.0 |       0 |      12 |   0.0 |  1634
           D:8 |       0 |    2002 |   0.0 |       0 |      34 |   0.0 |  1661
           D:9 |       0 |     881 |   0.0 |       0 |      11 |   0.0 |   403
         Sewer |       0 |     229 |   0.0 |       0 |      24 |   0.0 |   440
       Ossuary |       0 |     474 |   0.0 |       0 |      39 |   0.0 |   560
               +---------+---------+-------+---------+---------+-------+---------
